 Dungeon Crawl Stone Soup version 0.20.1-1-g8b1a95d66d (webtiles) character file.

906 Jynx the Changer (level 7, -10/57 HPs)
             Began as a White Draconian Transmuter on Dec 29, 2017.
             Was a Follower of Okawaru.
             Mangled by a two-headed ogre
             ... wielding a +0 giant club
              (28 damage)
             ... on level 6 of the Dungeon.
             The game lasted 00:14:22 (5833 turns).

Jynx the Changer (White Draconian Transmuter)       Turns: 5833, Time: 00:14:23

Health: -10/57     AC:  2    Str: 13    XL:     7   Next: 81%
Magic:  17/22      EV: 19    Int: 13    God:    Okawaru [*.....]
Gold:   294        SH:  0    Dex: 18    Spells: 3/14 levels left

rFire    . . .     SeeInvis .     - Unarmed
rCold    . . .     Gourm    .   (shield currently unavailable)
rNeg     . . .     Faith    .   (armour unavailable)
rPois    x         Spirit   .   (helmet currently unavailable)
rElec    .         Reflect  .   (cloak currently unavailable)
rCorr    .         Harm     .   (gloves currently unavailable)
MR       .....                  (boots currently unavailable)
Stlth    ++........             (no amulet)
Regen    0.2/turn               q - ring of magical power
MPRegen  0.2/turn               (no ring)

@: spider-form (expiring)
A: (breathe frost), unfitting armour, blurry vision 1, evolution 1, AC +6
a: End Transformation, Heroism, Renounce Religion


You were on level 6 of the Dungeon.
You worshipped Okawaru.
Okawaru was aware of your devotion.
You were not hungry.
You were a venomous arachnid creature.
You visited 1 branch of the dungeon, and saw 6 of its levels.

You collected 294 gold pieces.

Inventory:

Missiles
 u - 15 arrows
Armour
 h - a +0 cloak (melded)
Jewellery
 j - an uncursed ring of flight
 n - a cursed ring of see invisible {unknown}
 q - a ring of magical power (left front leg)
Scrolls
 g - 2 scrolls of enchant weapon
 i - 2 scrolls of teleportation
 k - a scroll of fear
 r - 4 scrolls of remove curse
 t - a scroll of fog
Potions
 a - a potion of ambrosia {unknown}
 e - a potion of brilliance
 l - 2 potions of curing
 o - a potion of flight {unknown}
 p - a potion of cancellation {unknown}
Books
 b - a book of Changes

   Spells                             Type                      Level
   a - Beastly Appendage              Transmutation                1
   b - Sticks to Snakes               Transmutation                2
   c - Spider Form                    Transmutation/Poison         3
   d - Ice Form                       Ice/Transmutation            4
   e - Blade Hands                    Transmutation                5
Comestibles
 c - 2 bread rations
 d - 2 royal jellies
 f - 3 meat rations
 m - 3 fruits
 s - a chunk of flesh


   Skills:
 - Level 3.0 Fighting
 - Level 1.7 Dodging
 + Level 4.8 Unarmed Combat
 + Level 4.0 Spellcasting
 * Level 5.9 Transmutations
 + Level 2.2 Poison Magic
 + Level 1.4 Invocations


You had 3 spell levels left.
You knew the following spells:

 Your Spells              Type           Power        Failure   Level  Hunger
a - Beastly Appendage     Tmut           ###...       8%          1    None
b - Sticks to Snakes      Tmut           ###.....     10%         2    ##.....
c - Spider Form           Tmut/Pois      ##........   28%         3    ###....
d - Blade Hands           Tmut           ###.......   65%         5    ######.


Dungeon Overview and Level Annotations

Branches:
Dungeon (6/15)
 Temple: D:4-7

Altars:
Cheibriados
Okawaru


Innate Abilities, Weirdness & Mutations

((You can breathe waves of freezing cold.))
((You can buffet flying creatures when you breathe cold.))
((Your icy white scales are hard. (AC +6)))
You cannot fit into any form of body armour.
((Your flesh is cold resistant. (rC+)))
((You are cold-blooded and may be slowed by cold attacks.))
((You have large cloven feet.))
Scrolls take you a little longer to read.
((Your flesh is heat resistant. (rF+)))
You evolve.


Message History

Your ball python bites the two-headed ogre but does no damage.
You hit the two-headed ogre but do no damage.
The two-headed ogre looks as sick as possible!
The two-headed ogre is heavily wounded.
Your transformation is almost over.
The two-headed ogre misses you.
The two-headed ogre hits you with a giant spiked club!
* * * LOW HITPOINT WARNING * * *
Your ball python bites the two-headed ogre but does no damage.
Okay, then.
You feel better.
The two-headed ogre hits your ball python with a giant club!!
Your ball python dies!
Casting: Spider Form
Confirm with . or Enter, or press ? or * to list all spells.
You create a snake!
You now have 15 arrows.
The two-headed ogre shouts in stereo!
The two-headed ogre barely misses you.
The two-headed ogre hits you with a giant spiked club!!
You die...

... .# .......# #
#.##..# ###
####.###.##..##..#
#....#............
#....'..........
#.S.......
##..##..#
###..##Os#
#......<.#
#.......S#
#........#
#........#
#........#
##.####### #. ..


You could see a two-headed ogre and a friendly ball python.

Vanquished Creatures
  The ghost of BreadTh the Magician, an amateur SpWz (D:4)
  An ice beast (D:5)
  A scorpion (D:4)
  A howler monkey (D:4)
  2 bullfrog skeletons (D:4)
  2 crimson imps (D:5)
  A hound (D:4)
  2 orc wizards
  Jessica (D:3)
  Natasha (twice) (D:3)
  A worker ant zombie (D:5)
  4 gnolls (D:4)
  9 adders
  A shadow imp (D:5)
  An ooze (D:2)
  2 worms (D:3)
  6 dart slugs
  5 leopard geckos
  11 orcs
  3 ball pythons
  9 giant cockroaches
  9 hobgoblins
  2 quokkas
  8 bats
  3 frilled lizards
  12 goblins
  18 kobolds
  A leopard gecko zombie (D:5)
  9 rats
128 creatures vanquished.

Vanquished Creatures (collateral kills)
  Natasha (D:3)
  An iguana (D:5)
  An adder (D:2)
  A river rat (D:3)
  A ball python (D:3)
  A bat (D:3)
  A rat (D:3)
7 creatures vanquished.

Grand Total: 135 creatures vanquished

Notes
Turn   | Place    | Note
-------+----------+-------------------------------------------
     0 | D:1      | Jynx the Draconian Transmuter began the quest for the Orb.
     0 | D:1      | Reached XP level 1. HP: 16/16 MP: 3/3
   256 | D:1      | Found a snail-covered altar of Cheibriados.
   385 | D:1      | Reached XP level 2. HP: 20/23 MP: 3/5
   919 | D:1      | Reached XP level 3. HP: 23/28 MP: 4/6
  1159 | D:1      | Gained mutation: Scrolls take you a little longer to read. [potion of mutation]
  1159 | D:1      | Gained mutation: You have large cloven feet. [potion of mutation]
  1159 | D:1      | Gained mutation: You evolve. [potion of mutation]
  1159 | D:1      | Gained mutation: Your flesh is heat resistant. (rF+) [potion of mutation]
  1225 | D:2      | Reached skill level 3 in Transmutations
  1410 | D:2      | Learned a level 2 spell: Sticks to Snakes
  1414 | D:2      | Learned a level 3 spell: Spider Form
  1626 | D:2      | Reached XP level 4. HP: 27/36 MP: 7/7
  1928 | D:2      | Found a faded altar of an unknown god.
  1956 | D:3      | Noticed Natasha
  2352 | D:3      | Noticed Jessica
  2734 | D:3      | Killed Jessica
  2734 | D:3      | Reached XP level 5. HP: 28/42 MP: 6/9
  2741 | D:3      | Found an iron altar of Okawaru.
  2744 | D:3      | Became a worshipper of Warmaster Okawaru
  2779 | D:3      | Killed Natasha
  2939 | D:3      | Noticed Natasha
  3024 | D:3      | Killed Natasha
  3111 | D:3      | Reached skill level 4 in Transmutations
  3215 | D:3      | Noticed Natasha
  3235 | D:3      | Killed Natasha
  3845 | D:3      | Reached XP level 6. HP: 49/50 MP: 10/10
  4324 | D:4      | Learned a level 5 spell: Blade Hands
  4611 | D:4      | Reached skill level 5 in Transmutations
  4624 | D:4      | Reached * piety under Okawaru
  4634 | D:4      | Reached skill level 1 in Poison Magic
  4798 | D:4      | You fall through a shaft!
  4798 | D:5      | Entered Level 5 of the Dungeon
  4807 | D:5      | Your scales start taking on an icy white colour.
  4807 | D:5      | Reached XP level 7. HP: 50/57 MP: 12/12
  4807 | D:5      | Gained mutation: Your flesh is cold resistant. (rC+) [White Draconian growth]
  4955 | D:4      | Noticed BreadTh's ghost (amateur SpWz)
  4965 | D:4      | Killed BreadTh's ghost
  5465 | D:5      | Reached skill level 1 in Invocations
  5815 | D:6      | Noticed a two-headed ogre
  5833 | D:6      | Mangled by a two-headed ogre

Skill      XL: |  1  2  3  4  5  6  7 |
---------------+----------------------+-----
Transmutations | 3 4 5 |  5.9
Fighting       | 2 3 |  3.0
Spellcasting   | 3 4 |  4.0
Unarmed Combat | 4 |  4.8
Poison Magic   | 1 2 |  2.2
Invocations    | 1 |  1.4
Dodging        | |  1.7

Action                   |  1- 3 |  4- 6 |  7- 9 || total
-------------------------+-------+-------+-------++-------
Melee: Unarmed           |   120 |   233 |    99 ||   452
       Headbutt          |    16 |    25 |     7 ||    48
       Tailslap          |    13 |    25 |     8 ||    46
       Kick              |    13 |    51 |    24 ||    88
       Punch             |       |     2 |     4 ||     6
 Cast: Beastly Appendage |    28 |    31 |    12 ||    71
       Sticks to Snakes  |       |    19 |    12 ||    31
       Spider Form       |       |       |     1 ||     1
  Use: Scroll            |     2 |     8 |     2 ||    12
       Potion            |     1 |     1 |     1 ||     3
 Stab: Sleeping          |     1 |     1 |       ||     2
       Distracted        |       |     1 |       ||     1
  Eat: Chunk             |     3 |    12 |     4 ||    19
Armor: Skin              |    41 |    65 |    28 ||   134
Dodge: Dodged            |    86 |   178 |    57 ||   321
